 Dungeon Crawl Stone Soup version 0.15.2 (webtiles) character file.

157379 magipi the Severer (level 17, -1/148 HPs)
             Began as a Hill Orc Gladiator on Apr 24, 2016.
             Was the Champion of Nemelex Xobeh.
             Shot with a bolt by a naga sharpshooter (12 damage)
             ... on Level 3 of the Snake Pit.
             The game lasted 04:16:10 (30757 turns).

magipi the Severer (Hill Orc Gladiator)            Turns: 30757, Time: 04:16:10

HP  -1/148       AC 22     Str 20      XL: 17   Next: 39%
MP  32/32        EV 13     Int  9      God: Nemelex Xobeh [******]
Gold 2507        SH  0     Dex 15      Spells:  9 memorised,  4 levels left

rFire  + . .     SeeInvis .     a - +9 battleaxe "Oweifik" {chop, rN+}
rCold  . . .     Clarity  .     G - +2 ring mail {MR+}
rNeg   + + .     rCorr    .     (no shield)
rPois  +         rRot     .     S - +1 helmet of Untruth {+Inv}
rElec  .         Spirit   .     L - +2 cloak {MR+}
SustAb .         Warding  +     E - +2 pair of gloves
rMut   .         Stasis   .     C - +2 pair of boots {run}
Gourm  .                        e - amulet of Rynnet {Ward +Rage rN+}
MR     +++..                    f - ring of protection from fire
                                p - ring of poison resistance

@: quick, extremely resistant to hostile enchantments, very unstealthy
A: no striking features
a: Draw One, Peek at Two, Triple Draw, Deal Four, Stack Five, Renounce Religion,
Evoke Berserk Rage, Evoke Invisibility
}: 1/15 runes: decaying


You were on level 3 of the Snake Pit.
You worshipped Nemelex Xobeh.
Nemelex Xobeh was exalted by your worship.
You were very hungry.

You visited 5 branches of the dungeon, and saw 35 of its levels.
You also visited: Labyrinth.

You collected 3253 gold pieces.
You spent 746 gold pieces at shops.

Inventory:

Hand weapons
 a - the +9 battleaxe "Oweifik" (weapon) {chop, rN+}
   (You found it on level 11 of the Dungeon)

   It inflicts extra damage upon your enemies.
   It protects you from negative energy.
 b - a +0 blowgun
 h - a +1 battleaxe of flaming
Missiles
 d - 6 throwing nets (quivered)
 M - 26 poisoned needles
 T - 15 curare-tipped needles
Armour
 C - a +2 pair of boots of running (worn)
 E - a +2 pair of gloves (worn)
 G - a +2 ring mail of magic resistance (worn)
 L - a +2 cloak of magic resistance (worn)
 S - the cursed +1 helmet of Untruth (worn) {+Inv}
   (You bought it in a shop on level 4 of the Orcish Mines)

   It lets you turn invisible.
   It has a curse placed upon it.
Magical devices
 w - a wand of invisibility (2)
 x - a wand of disintegration (4)
 B - a wand of teleportation (0)
 J - a wand of disintegration (8)
 N - a wand of digging (6)
 R - a wand of draining (4)
 U - a wand of paralysis (16)
 V - a wand of confusion (4)
Comestibles
 t - 5 bread rations
 X - 5 meat rations
Scrolls
 g - 2 scrolls of blinking
 j - 6 scrolls of remove curse
 k - 5 scrolls of teleportation
 o - 3 scrolls of recharging
 q - a scroll of torment {unknown}
 y - 7 scrolls of fog
 K - 5 scrolls of fear
 Z - 2 scrolls of magic mapping
Jewellery
 c - an uncursed ring of ice
 e - the amulet of Rynnet (around neck) {Ward +Rage rN+}
   (You found it on level 8 of the Lair of Beasts)

   [amulet of warding]

   It may prevent the melee attacks of summoned creatures.
   It protects you from negative energy.
   It lets you go berserk.
 f - a ring of protection from fire (right hand)
 i - an uncursed ring of see invisible
 m - an uncursed ring of protection from magic
 p - a ring of poison resistance (left hand)
 H - a cursed amulet of resist corrosion
Potions
 l - 2 potions of magic
 r - 4 potions of curing
 v - 3 potions of agility
 z - 5 potions of might
 D - a potion of berserk rage
 I - 4 potions of haste
 O - a potion of cancellation
 P - a potion of heal wounds
 Q - a potion of resistance
Miscellaneous
 n - a legendary deck of war
 s - a lamp of fire
 A - a legendary deck of war {drawn: 3}
 F - an ornate deck of war
 W - a legendary deck of war
 Y - an ornate deck of war


   Skills:
 - Level 12.5 Fighting
 + Level 16.7 Axes
 - Level 4.0 Throwing
 - Level 9.9 Armour
 - Level 6.8 Dodging
 - Level 4.0 Spellcasting
 + Level 10.7 Charms
 - Level 4.9 Summonings
 + Level 10.7 Necromancy
 + Level 6.4 Translocations
 - Level 2.5 Air Magic
 - Level 14.3 Evocations


You had 4 spell levels left.
You knew the following spells:

 Your Spells              Type           Power        Failure   Level  Hunger
a - Apportation           Tloc           ##........   1%          1    #......
b - Blink                 Tloc           N/A          3%          2    ##.....
c - Summon Butterflies    Summ           ##......     4%          1    #......
d - Animate Dead          Necr           N/A          3%          4    #####..
e - Animate Skeleton      Necr           N/A          1%          1    #......
f - Flight                Chrm/Air       ##........   6%          3    ####...
m - Repel Missiles        Chrm/Air       ##....       2%          2    ##.....
r - Regeneration          Chrm/Necr      ###.......   1%          3    ####...
w - Spectral Weapon       Hex/Chrm       ##......     12%         3    ####...


Dungeon Overview and Level Annotations

Branches:
Dungeon (15/15)            Temple (0/1) D:6             Orc (4/4) D:10
    Elf (0/3) Orc:3          Lair (8/8) D:8           Swamp (5/5) Lair:5
  Snake (3/5) Lair:6        Slime (0/6) Lair:6       Vaults (0/5) D:14
 Depths (0/5) D:15

Altars:
Cheibriados
Nemelex Xobeh
Qazlal
Vehumet
Yredelemnul
Beogh

Shops:
D:9 (   Orc:3 %   Orc:4 (%[!

Portals:
Trove: D:10 (give +6 demon blade)

Annotations:
D:6 magipi's ghost, experienced TrHu
Swamp:5 exclusion: Roxanne, Lernaean hydra; Roxanne

Vault maps used:
D:1:      dpeg_arrival_concentric_ovals
D:4:      nicolae_overflow_hidden_temple, roderic_chinese_pattern_swastika
D:5:      first_bread, grunt_ministairs_4, lightli_minifort
D:6:      minmay_temple_entry_overgrown, minmay_tree_intersection, uniq_iyjb,
          uniq_sigmund
D:7:      grunt_livestock, uniq_joseph
D:8:      erik_lair_boring, minivault_4
D:9:      yredelemnul_forgotten_temple_becter, serial_shops, shop_fountains,
          dk_rats_in_the_wall, uniq_edmund, uniq_pikel, uniq_eustachio
D:10:     hiddenorc1_lemuel, enter_trove_2, minmay_misc_feat_square, uniq_psyche
D:11:     minivault_27, lightli_fourway_metalbox
D:12:     david_defended_altar_elf
D:14:     david_vaults_5, lab_entry_generic, serial_bayou_pond_e,
          kennysheep_generic_room_4
D:15:     grunt_enter_depths_giant_problem, hangedman_decor_opposing,
          uniq_kirke, uniq_sonja
Orc:1:    basic_altar, nicolae_orc_rockfall, nicolae_orc_pool_cavern
Orc:2:    basic_altar
Orc:3:    serial_shops, nicolae_shop_trees, uniq_nergalle, uniq_fannar
Orc:4:    st_orc_open, uniq_donald
Lair:2:   portal_ice_cave_entry_pillars_02, fungi_pond_lemuel
Lair:3:   grunt_forest_large_clearings, bh_autumn_forest_stairs
Lair:4:   boulder_dual_corridor_run
Lair:5:   minmay_swamp_entry_swarm
Lair:6:   minmay_snake_entry_guardpost_small, minmay_slime_entry_pillars,
          minivault_24, uniq_harold, uniq_rupert, uniq_erica
Lair:8:   minmay_lair_end_frog_pond
Swamp:1:  evilmike_swamp_ruin_house_5, swamp_pool1, nicolae_swamp_snake_nest
Swamp:2:  evilmike_swamp_ruin_house_4, infiniplex_staircase_pool
Swamp:3:  cheibrodos_swamp_tower_of_moss, serial_swamp_ruin,
          evilmike_swamp_ruin_rubble_2, evilmike_swamp_ruin_house_1, swamp_pool1
Swamp:4:  evilmike_swamp_ruin_house_2, uniq_louise
Swamp:5:  grunt_swamp_rune_castle, uniq_asterion, uniq_roxanne
Snake:1:  serial_bayou_pond_c, baited_tele_trap, serial_bayou_shore_a
Snake:2:  onia_ninara_swampy_vault, serial_bayou_shore_b
Snake:3:  uniq_frances, uniq_aizul, uniq_vashnia
Lab:      labyrinth_hidden_loot, labyrinth_skeletal_remains,
          nicolae_lab_hexagon, nicolae_lab_big_swirl, labyrinth_lava_lair


Message History

A naga and 3 naga sharpshooters come into view.
The naga sharpshooter shouts! x2
The naga shouts!
The naga sharpshooter shouts!
Found three items.
There is a stone staircase leading up here.
The naga sharpshooter unwields an uncursed flail.
The naga sharpshooter wields a shortbow.
The naga sharpshooter gestures wildly while chanting.
The naga sharpshooter magically shoots an arrow.
The arrow hits you! The naga hits you but does no damage. The naga grabs you.
You stop ascending the stairs.
The naga constricts you.
The naga sharpshooter unwields an uncursed scimitar.
The naga sharpshooter wields an arbalest.
The naga sharpshooter shoots a bolt.
The bolt is repelled.
You feel less protected from missiles.
The naga sharpshooter hits you from afar with a halberd!
You slice the naga sharpshooter!!
The naga sharpshooter is moderately wounded.
You hit the naga.
The naga is moderately wounded.
Unknown command.
You are feeling very hungry.
You slice the naga!!
You kill the naga!
You hit the naga sharpshooter.
The naga sharpshooter is heavily wounded.
The naga sharpshooter hits you from afar with a halberd.
The naga sharpshooter shoots a bolt.
The bolt hits you.
A naga sharpshooter comes into view. It is wielding a short sword.
Unknown command.
The naga sharpshooter unwields an uncursed halberd.
The naga sharpshooter wields an arbalest.
The naga sharpshooter mumbles some strange words.
The naga sharpshooter magically shoots a bolt.
The bolt hits you.
The naga sharpshooter unwields an uncursed short sword.
The naga sharpshooter wields an arbalest.
The naga sharpshooter mumbles some strange words.
The naga sharpshooter magically shoots a bolt of frost.
The bolt of frost hits you! The bolt of frost freezes you.
Things that are here:
2 bolts of frost; a bolt Your ring mail prevents you from hitting the naga sharpshooter.
You slash the naga sharpshooter!
The naga sharpshooter is moderately wounded.
The naga sharpshooter shoots an arrow.
The arrow hits you but does no damage.
The naga sharpshooter shoots a bolt.
The bolt hits you!
Unknown command.
You slice the naga sharpshooter!!
The naga sharpshooter is heavily wounded.
You slash the naga sharpshooter!
The naga sharpshooter is moderately wounded.
The naga sharpshooter shoots a bolt.
The bolt misses you.
The naga sharpshooter casts a spell.
The naga sharpshooter magically shoots an arrow.
The arrow hits you!
A black mamba comes into view.
You hit the naga sharpshooter.
The naga sharpshooter is moderately wounded.
You barely miss the naga sharpshooter.
The naga sharpshooter is heavily wounded.
The naga sharpshooter shoots a bolt.
The bolt hits you!
The naga sharpshooter shoots an arrow.
The arrow barely misses you.
The naga sharpshooter shoots a bolt.
The bolt hits you but does no damage.
The naga sharpshooter shoots a bolt of frost.
The bolt of frost hits you! The bolt of frost freezes you.
You slice the naga sharpshooter!!
The naga sharpshooter is almost dead.
You hit the naga sharpshooter.
The naga sharpshooter is heavily wounded.
The naga sharpshooter shoots a bolt.
The bolt closely misses you.
The naga sharpshooter mumbles some strange words.
The naga sharpshooter magically shoots an arrow.
The arrow hits you but does no damage.
You closely miss the naga sharpshooter.
The naga sharpshooter is almost dead.
You slash the naga sharpshooter!
The naga sharpshooter is severely wounded.
The naga sharpshooter shoots a bolt.
The bolt hits you!!
The naga sharpshooter shoots an arrow.
The arrow completely misses you.
Unknown command.
You slice the naga sharpshooter!!
You kill the naga sharpshooter!
You hit the naga sharpshooter but do no damage.
The naga sharpshooter is severely wounded.
The naga sharpshooter shoots a bolt.
The bolt hits you. The black mamba bites you.
The naga sharpshooter shoots a bolt.
The bolt misses you. The black mamba misses you. The black mamba bites you!
* * * LOW HITPOINT WARNING * * *
There is a stone staircase leading up, spattered with blood here.
Things that are here:
a bolt; 2 arrows The naga sharpshooter shoots a bolt.
The bolt hits you!!
* * * LOW HITPOINT WARNING * * *
The black mamba bites you!
* * * LOW HITPOINT WARNING * * *
The naga sharpshooter shoots a bolt.
The bolt hits you!
You die...
Your body disappears without a glow.

..# ....$..##
.....(....
..........##.
.[.............
...........(...
...N...........
#.....N....#
#......@).#
#?....S(..#
.......N).(#
#.......(.#
###########


You could see 3 naga sharpshooters and a black mamba.

Table legend:
 A = Kills in this place as a percentage of kills in entire the game.
 B = Kills by you in this place as a percentage of kills by you in the entire game.
 C = Kills by friends in this place as a percentage of kills by friends in the entire game.
 D = Other kills in this place as a percentage of other kills in the entire game.
 E = Experience gained in this place as a percentage of experience gained in the entire game.
 F = Experience gained in this place divided by the number of levels of this place that you have seen.
                   A       B       C       D       E      F
               +-------+-------+-------+-------+-------+----------------------
         Total | 100.0 | 100.0 | 100.0 | 100.0 | 100.0 | 5729.3
       Dungeon |  42.2 |  44.9 |  24.1 |   0.0 |  27.6 | 3798.7
  Orcish Mines |  16.8 |  16.8 |  16.5 |   0.0 |   9.3 | 4805.0
          Lair |  23.3 |  21.8 |  33.5 |  50.0 |  25.1 | 6479.2
         Swamp |  14.9 |  13.9 |  21.5 |  50.0 |  30.0 | 12360.0
     Snake Pit |   2.7 |   2.5 |   4.4 |   0.0 |   7.3 | 4993.7
     Labyrinth |   0.2 |   0.2 |   0.0 |   0.0 |   0.7 | 1441.0
               +-------+-------+-------+-------+-------+----------------------

Vanquished Creatures
  Asterion (Swamp:5)
  A thorn hunter (Swamp:2)
  Donald (Orc:4)
  Louise (Swamp:4)
  A minotaur (Lab)
  A vault guard (D:14)
  A centaur warrior (D:15)
  2 naga warriors
  2 shambling mangroves
  19 hydras
  Erica (Lair:6)
  3 death yaks
  An ogre mage (Orc:4)
  3 anacondas
  4 alligators
  5 naga sharpshooters
  A spriggan (Swamp:3)
  Nergalle (Orc:3)
  An iron troll (Orc:4)
  A skeletal warrior (D:10)
  A salamander mystic (Snake:1)
  A wizard (D:15)
  An orb spider (shapeshifter) (D:14)
  A death drake (shapeshifter) (D:15)
  A deep troll (Orc:4)
  Pikel (D:9)
  6 hill giants
  10 ugly things
  6 swamp dragons
  An orc sorcerer (Orc:3)
  A griffon (D:15)
  4 cyclopes
  A cyclops (shapeshifter) (D:15)
  A salamander (Snake:1)
  A red wasp (Swamp:5)
  2 manticores
  7 elephants
  7 black mambas
  Joseph (D:7)
  4 gargoyles
  Psyche (D:10)
  An efreet (D:14)
  5 komodo dragons
  22 spiny frogs
  A feature mimic (Swamp:2)
  A yaktaur (D:15)
  2 naga magi
  14 trolls
  A minotaur zombie (Lab)
  2 fire drakes
  A hydra zombie (D:13)
  3 deep elf priests (D:12)
  4 polar bears
  7 giant leeches
  4 boulder beetles
  8 two-headed ogres
  2 blink frogs (Lair:8)
  11 bog bodies
  3 ravens (Swamp:4)
  3 spectral orcs (Orc:3)
  4 shadows
  18 slime creatures
  A redback (Lair:7)
  A centaur simulacrum (D:14)
  A hill giant zombie (D:13)
  2 basilisks
  A human (D:7)
  A water elemental (D:12)
  Eustachio (D:9)
  5 wyverns
  2 deep elf magi
  A hungry ghost (D:13)
  4 hogs (D:15)
  10 hippogriffs
  48 yaks
  2 wargs
  2 hill giant skeletons
  8 nagas
  37 vampire mosquitoes
  Edmund (D:9)
  A soldier ant (D:11)
  17 swamp worms
  19 wolves
  4 ice beasts
  29 ogres
  A phantom (D:8)
  12 water moccasins
  3 sky beasts
  9 porcupines
  A black bear (D:7)
  A manticore zombie (D:13)
  12 swamp drakes
  A yellow wasp (Swamp:3)
  3 boring beetles
  22 orc warriors
  19 killer bees
  9 centaurs
  Sigmund (D:6)
  A big kobold (D:13)
  14 crocodiles
  18 giant frogs
  36 insubstantial wisps
  A komodo dragon skeleton (D:8)
  A gnoll sergeant (D:5)
  2 eyes of draining
  12 wights
  A troll zombie (D:14)
  5 scorpions
  A hippogriff zombie (D:5)
  7 electric eels
  7 crimson imps
  2 centaur zombies
  23 orc priests
  3 jellies
  A goliath beetle (D:8)
  9 hounds
  A centaur skeleton (D:11)
  36 orc wizards
  A giant frog skeleton (D:5)
  A quasit (D:10)
  An iguana (Lair:4)
  7 worker ants
  16 sheep
  Ijyb (D:6)
  An ogre skeleton (D:5)
  A hound skeleton (D:4)
  5 gnolls (D:5)
  43 green rats
  17 adders
  2 shadow imps
  An adder zombie (D:8)
  An orc skeleton (D:5)
  155 orcs
  4 ball pythons
  A bat skeleton (D:5)
  14 hobgoblins
  21 jackals
  18 kobolds
  18 bats
  8 giant cockroaches
  7 giant geckos
  6 giant newts
  19 goblins
  A kobold skeleton (D:5)
  13 quokkas
  41 rats
  12 ballistomycetes
  A briar patch (Swamp:2)
  A bush (Lair:3)
  11 fungi
  A plant (Swamp:3)
1150 creatures vanquished.

Vanquished Creatures (collateral kills)
  Rupert (Lair:6)
  Kirke (D:15)
  2 thorn hunters
  Fannar (Orc:4)
  8 hydras
  Harold (Lair:6)
  2 ogre magi
  An orc high priest (Orc:4)
  A soul eater (Orc:4)
  6 swamp dragons
  A hill giant (D:14)
  A naga ritualist (Snake:1)
  An ugly thing (D:15)
  An oklob plant (Lair:8)
  A salamander (shapeshifter) (D:15)
  A cyclops (Orc:4)
  4 slime creatures
  A manticore (D:14)
  A black mamba (Lair:3)
  3 spiny frogs
  4 elephants
  A feature mimic (Lair:3)
  A fire drake (Lair:8)
  A gargoyle (D:14)
  3 komodo dragons
  2 trolls
  A queen bee (D:14)
  Sonja (D:15)
  3 two-headed ogres
  4 blink frogs (Lair:8)
  5 bog bodies
  A tarantella (Lair:7)
  A redback (Lair:7)
  A basilisk (Lair:2)
  4 hippogriffs
  A wyvern (Lair:7)
  A yak (Lair:5)
  A hog (D:15)
  7 vampire mosquitoes
  A warg (Orc:4)
  A naga (Lair:6)
  A porcupine (Lair:6)
  4 water moccasins
  An orc warrior (Orc:4)
  5 swamp worms
  4 swamp drakes
  2 ice beasts (Orc:4)
  9 ogres
  A giant frog (Lair:8)
  A boring beetle (D:8)
  2 insubstantial wisps
  A scorpion (D:14)
  A cyclops skeleton (D:14)
  8 killer bees (D:14)
  3 electric eels
  A crimson imp (D:12)
  2 jellies (Lair:6)
  A hound (Lair:6)
  An orc wizard (Orc:4)
  2 killer bee zombies (D:14)
  A sheep (Lair:7)
  5 adders
  10 green rats
  11 orcs
  A quokka (Lair:3)
  A ball python (Swamp:1)
  A spectral orc (Orc:3)
164 creatures vanquished.

Vanquished Creatures (others)
  An ugly thing zombie (D:14)
  2 swamp worm zombies (Swamp:4)
  4 hydra zombies
  6 fire elementals
  A dancing weapon (D:10)
  A bog body (Swamp:5)
  3 hydra skeletons (Swamp:5)
  2 black mamba zombies (Snake:2)
  A yak (Lair:6)
  A hill giant zombie (Orc:4)
  A raven zombie (Swamp:4)
  A giant leech zombie (Swamp:2)
  4 spiny frog zombies
  2 spiny frog skeletons
  A blink frog zombie (Lair:8)
  A swamp dragon zombie (Swamp:5)
  4 slaves (D:9)
  2 swamp dragon skeletons (Swamp:5)
  2 elephant skeletons (Lair:7)
  16 vampire mosquito zombies
  2 human skeletons
  A cyclops zombie (Orc:4)
  A fire drake skeleton (Lair:8)
  A wyvern zombie (D:12)
  A water moccasin zombie (Swamp:5)
  A troll zombie (Orc:4)
  A cyclops skeleton (D:13)
  A hippogriff zombie (D:12)
  2 killer bees (D:9)
  3 water moccasin skeletons
  9 yak skeletons
  3 naga zombies
  2 polar bear skeletons
  3 yak zombies (D:12)
  A hippogriff skeleton (Lair:7)
  2 giant frog zombies (Lair:8)
  A yellow wasp zombie (Swamp:3)
  A boring beetle zombie (Lair:8)
  A centaur zombie (D:13)
  11 wolf skeletons
  2 giant frog skeletons
  3 two-headed ogre zombies
  A two-headed ogre skeleton (Orc:4)
  6 bog body skeletons
  2 porcupine skeletons
  A killer bee zombie (D:14)
  3 ogre zombies
  3 ogre skeletons
  3 crocodile skeletons
  A naga skeleton (Snake:2)
  A swamp drake zombie (Swamp:5)
  A scorpion zombie (D:14)
  A swamp drake skeleton (Swamp:5)
  3 sheep zombies (Lair:7)
  2 adder skeletons
  4 adder zombies (Swamp:1)
  An orc (D:4)
  A ball python zombie (Swamp:1)
  2 giant spores
  A goblin skeleton (Orc:2)
  2 goblin zombies
  3 green rat skeletons
  5 green rat zombies
  2 kobold zombies (D:13)
  3 orc skeletons (Orc:4)
  12 orc zombies (Orc:4)
  3 quokka skeletons
  A rat (D:9)
  2 butterflies
  5 fungi
  2 plants
  8 toadstools (Swamp:3)
194 creatures vanquished.

Grand Total: 1508 creatures vanquished

Notes
Turn   | Place    | Note
--------------------------------------------------------------
     0 | D:1      | magipi, the Hill Orc Gladiator, began the quest for the Orb.
     0 | D:1      | Reached XP level 1. HP: 18/18 MP: 1/1
   132 | D:1      | Reached XP level 2. HP: 12/25 MP: 2/2
   491 | D:1      | Reached XP level 3. HP: 27/30 MP: 3/3
   960 | D:2      | Reached skill level 5 in Axes
  1277 | D:2      | Reached XP level 4. HP: 37/37 MP: 4/4
  2161 | D:3      | Reached XP level 5. HP: 24/42 MP: 5/5
  2180 | D:3      | Reached skill level 6 in Axes
  2404 | D:4      | Reached skill level 7 in Axes
  2459 | D:4      | Noticed an ogre
  2494 | D:3      | Reached XP level 6. HP: 10/50 MP: 6/6
  2798 | D:4      | Killed an ogre
  2798 | D:4      | Reached skill level 8 in Axes
  3044 | D:4      | Reached XP level 7. HP: 38/56 MP: 7/7
  3137 | D:4      | Found a stormy altar of Qazlal.
  3153 | D:4      | Reached skill level 9 in Axes
  3179 | D:4      | Noticed an ogre
  3192 | D:4      | Killed an ogre
  3382 | D:4      | Reached skill level 10 in Axes
  3727 | D:5      | Entered Level 5 of the Dungeon
  3998 | D:5      | Reached skill level 11 in Axes
  3998 | D:5      | Reached XP level 8. HP: 62/62 MP: 8/8
  4201 | D:5      | Reached skill level 12 in Axes
  4657 | D:4      | Found a snail-covered altar of Cheibriados.
  4657 | D:4      | Found a sparkling altar of Nemelex Xobeh.
  4665 | D:4      | Became a worshipper of Nemelex Xobeh the Trickster
  4750 | D:5      | Reached skill level 1 in Evocations
  4778 | D:6      | Received a gift from Nemelex Xobeh
  4943 | D:6      | Noticed Sigmund
  4947 | D:6      | Killed Sigmund
  5097 | D:6      | Noticed magipi's ghost (experienced TrHu)
  5104 | D:6      | Reached skill level 1 in Armour
  5104 | D:6      | Reached XP level 9. HP: 51/72 MP: 14/14
  5177 | D:6      | Found a staircase to the Ecumenical Temple.
  5177 | D:6      | Noticed Ijyb
  5183 | D:6      | Killed Ijyb
  5471 | D:6      | Reached skill level 5 in Fighting
  5929 | D:7      | Acquired Nemelex Xobeh's first power
  6071 | D:7      | Noticed Joseph
  6087 | D:7      | Killed Joseph
  6087 | D:7      | Reached skill level 5 in Evocations
  6344 | D:7      | Reached skill level 5 in Armour
  6733 | D:9      | Noticed Edmund
  6746 | D:9      | Killed Edmund
  6746 | D:9      | Reached XP level 10. HP: 75/81 MP: 20/20
  6809 | D:9      | Noticed Pikel
  6835 | D:9      | Killed Pikel
  7001 | D:9      | Found a basalt altar of Yredelemnul.
  7070 | D:9      | Acquired Nemelex Xobeh's second power
  7081 | D:9      | Found Gaaduimp's Antique Weapon Shop.
  7256 | D:9      | Noticed Eustachio
  7281 | D:9      | Killed Eustachio
  7319 | D:10     | Entered Level 10 of the Dungeon
  7334 | D:10     | Reached skill level 10 in Evocations
  7343 | D:10     | Noticed a hill giant
  7548 | D:10     | Found a staircase to the Orcish Mines.
  7845 | D:10     | Received a gift from Nemelex Xobeh
  7857 | D:10     | Killed a hill giant
  7888 | D:10     | Reached XP level 11. HP: 56/88 MP: 25/25
  8017 | D:10     | Noticed Psyche
  8038 | D:10     | Killed Psyche
  8235 | D:10     | Learned a level 1 spell: Apportation
  8238 | D:10     | Learned a level 2 spell: Blink
  8391 | D:10     | Found a portal to a secret trove of treasure.
  8463 | D:11     | Noticed a six-headed hydra
  8476 | D:11     | Killed a six-headed hydra
  8476 | D:11     | Reached skill level 1 in Spellcasting
  8476 | D:11     | Reached skill level 1 in Translocations
  8520 | D:11     | Received a gift from Nemelex Xobeh
  8522 | D:11     | Noticed a manticore
  8525 | D:11     | Noticed a skeletal warrior
  8567 | D:10     | Killed a skeletal warrior
  8585 | D:11     | Killed a manticore
  8820 | D:11     | Learned a level 1 spell: Animate Skeleton
  8821 | D:11     | Acquired Nemelex Xobeh's third power
  8901 | D:11     | Got a dazzling battleaxe
  8903 | D:11     | Identified the +9 battleaxe "Oweifik" {chop, rN+} (You found it on level 11 of the Dungeon)
  8938 | D:11     | Learned a level 1 spell: Summon Butterflies
  9137 | D:7      | Reached skill level 1 in Necromancy
  9349 | D:8      | Received a gift from Nemelex Xobeh
  9394 | D:8      | Found a staircase to the Lair.
  9669 | D:8      | Reached skill level 1 in Summonings
  9839 | Lair:1   | Entered Level 1 of the Lair of Beasts
  9960 | Lair:1   | Received a gift from Nemelex Xobeh
 10459 | Lair:2   | Received a gift from Nemelex Xobeh
 10695 | Lair:2   | Acquired Nemelex Xobeh's fourth power
 10847 | Lair:3   | Reached XP level 12. HP: 85/97 MP: 27/27
 11123 | Lair:3   | Received a gift from Nemelex Xobeh
 11714 | Lair:4   | Received a gift from Nemelex Xobeh
 11748 | Lair:4   | Noticed a six-headed hydra
 11761 | Lair:4   | Killed a six-headed hydra
 11977 | Lair:4   | Reached skill level 5 in Dodging
 12525 | Lair:5   | Acquired Nemelex Xobeh's fifth power
 12538 | Lair:5   | Found a staircase to the Swamp.
 12757 | Lair:5   | Learned a level 4 spell: Animate Dead
 12761 | Lair:5   | Learned a level 3 spell: Regeneration
 12807 | Lair:5   | Reached XP level 13. HP: 89/105 MP: 28/28
 12869 | Lair:5   | Learned a level 2 spell: Repel Missiles
 12931 | Lair:6   | Received a gift from Nemelex Xobeh
 13247 | Lair:6   | Reached skill level 13 in Axes
 13296 | Lair:6   | Noticed Erica
 13310 | Lair:6   | Killed Erica
 13618 | Lair:6   | Noticed Rupert
 13632 | Lair:6   | Your ally Erica died
 13634 | Lair:6   | Killed Rupert
 13725 | Lair:6   | Found a staircase to the Snake Pit.
 13765 | Lair:6   | Noticed Harold
 13774 | Lair:6   | Killed Harold
 14003 | Lair:6   | Received a gift from Nemelex Xobeh
 14131 | Lair:6   | Reached skill level 14 in Axes
 14141 | Lair:6   | Reached skill level 1 in Air Magic
 14265 | Lair:7   | Reached skill level 1 in Charms
 14268 | Lair:7   | Reached skill level 5 in Necromancy
 15198 | Lair:7   | Received a gift from Nemelex Xobeh
 15455 | Lair:7   | Learned a level 3 spell: Flight
 15507 | Lair:8   | Entered Level 8 of the Lair of Beasts
 15564 | Lair:7   | Reached XP level 14. HP: 105/113 MP: 29/29
 15672 | Lair:8   | Got a crude cloak
 15699 | Lair:7   | Identified the cursed -1 cloak of the Many Ships {Slay+6} (You found it on level 8 of the Lair of Beasts)
 15807 | Lair:8   | Received a gift from Nemelex Xobeh
 16045 | Lair:8   | Reached skill level 5 in Charms
 16171 | Lair:8   | Got a brightly glowing chain mail
 16192 | Lair:8   | Identified the cursed -2 chain mail "Pnyts" {Dex+3} (You found it on level 8 of the Lair of Beasts)
 16317 | Lair:8   | Got a slimy chain mail
 16325 | Lair:8   | Got a shimmering silver amulet
 16361 | Lair:8   | Identified the cursed +1 chain mail of Inaction {Dex+3} (You found it on level 8 of the Lair of Beasts)
 16425 | Lair:6   | Found a staircase to the Slime Pits.
 16513 | Lair:5   | Noticed a six-headed hydra
 16519 | Lair:5   | Killed a six-headed hydra
 16631 | Lair:2   | Identified the amulet of Rynnet {Ward +Rage rN+} (You found it on level 8 of the Lair of Beasts)
 17287 | D:12     | Received a gift from Nemelex Xobeh
 18127 | D:13     | Received a gift from Nemelex Xobeh
 18776 | D:13     | Received a gift from Nemelex Xobeh
 18921 | D:10     | Noticed a hill giant
 18966 | D:10     | Killed a hill giant
 19087 | Orc:1    | Entered Level 1 of the Orcish Mines
 19329 | Orc:1    | Received a gift from Nemelex Xobeh
 19664 | Orc:2    | Found a roughly hewn altar of Beogh.
 19700 | Orc:2    | Received a gift from Nemelex Xobeh
 19887 | Orc:4    | Entered Level 4 of the Orcish Mines
 20030 | Orc:4    | Noticed Donald
 20043 | Orc:4    | Killed Donald
 20043 | Orc:4    | Reached XP level 15. HP: 62/121 MP: 31/31
 20343 | Orc:4    | Found Dogada Liet's Antique Armour Shoppe.
 20345 | Orc:4    | Found Nishosh's Weapon Boutique.
 20378 | Orc:4    | Received a gift from Nemelex Xobeh
 20386 | Orc:3    | Found a staircase to the Elven Halls.
 20386 | Orc:3    | Found Khufid's Food Shop.
 20386 | Orc:3    | Noticed Fannar
 21032 | Orc:4    | Found Ixkumeuge's Distillery.
 21032 | Orc:4    | Found Putheowk's Food Shoppe.
 21061 | Orc:4    | Bought a potion of brilliance for 42 gold pieces
 21061 | Orc:4    | Bought a potion of mutation for 42 gold pieces
 21066 | Orc:4    | Bought a potion of agility for 42 gold pieces
 21066 | Orc:4    | Bought a potion of berserk rage for 51 gold pieces
 21066 | Orc:4    | Bought a potion of might for 42 gold pieces
 21066 | Orc:4    | Bought a potion of berserk rage for 51 gold pieces
 21100 | Orc:4    | Bought a shimmering helmet for 323 gold pieces
 21100 | Orc:4    | Bought a pair of embroidered boots for 153 gold pieces
 21112 | Orc:4    | Identified the cursed +1 helmet of Untruth {+Inv} (You bought it in a shop on level 4 of the Orcish Mines)
 21145 | Orc:4    | Identified a +2 pair of boots of running (You bought it in a shop on level 4 of the Orcish Mines)
 21512 | Orc:3    | Noticed Nergalle
 21760 | Orc:4    | Killed Fannar
 21875 | Orc:3    | Killed Nergalle
 22031 | Orc:3    | Received a gift from Nemelex Xobeh
 22361 | D:12     | Found a radiant altar of Vehumet.
 22485 | D:14     | Identified 2 scrolls of acquirement
 22506 | D:14     | Reached skill level 10 in Fighting
 22571 | D:14     | Found a labyrinth entrance.
 22590 | Lab      | Entered a labyrinth
 22764 | D:14     | Received a gift from Nemelex Xobeh
 23529 | D:14     | Found a gate to the Vaults.
 23609 | D:15     | Entered Level 15 of the Dungeon
 23662 | D:15     | Received a gift from Nemelex Xobeh
 24229 | D:15     | Noticed Kirke
 24245 | D:15     | Killed Kirke
 24248 | D:15     | Noticed Sonja
 24255 | D:15     | Killed Sonja
 24262 | D:15     | Found a staircase to the Depths.
 24263 | D:15     | Noticed a fire giant
 24295 | D:15     | Received a gift from Nemelex Xobeh
 24531 | D:13     | Reached XP level 16. HP: 91/139 MP: 32/32
 24968 | Swamp:1  | Entered Level 1 of the Swamp
 25406 | Swamp:1  | Received a gift from Nemelex Xobeh
 25828 | Swamp:2  | Noticed a thorn hunter
 26265 | Swamp:2  | Killed a thorn hunter
 26265 | Swamp:2  | Reached skill level 15 in Axes
 26267 | Swamp:2  | Received a gift from Nemelex Xobeh
 26535 | Swamp:3  | Noticed a thorn hunter
 26546 | Swamp:3  | Killed a thorn hunter
 26548 | Swamp:3  | Received a gift from Nemelex Xobeh
 26781 | Swamp:3  | Learned a level 3 spell: Spectral Weapon
 27085 | Swamp:4  | Received a gift from Nemelex Xobeh
 27269 | Swamp:5  | Entered Level 5 of the Swamp
 27409 | Swamp:4  | Noticed Louise
 27440 | Swamp:4  | Killed Louise
 27560 | Swamp:5  | Noticed Roxanne
 27573 | Swamp:5  | Reached skill level 5 in Translocations
 27649 | Swamp:5  | Received a gift from Nemelex Xobeh
 27693 | Swamp:5  | Noticed Asterion
 27957 | Swamp:4  | Reached skill level 10 in Necromancy
 28012 | Swamp:4  | Reached skill level 10 in Charms
 28014 | Swamp:4  | Reached skill level 16 in Axes
 28113 | Swamp:5  | Killed Asterion
 28211 | Swamp:5  | Reached XP level 17. HP: 80/148 MP: 25/32
 28383 | Swamp:5  | Noticed a thorn hunter
 28387 | Swamp:5  | Killed a thorn hunter
 28443 | Swamp:5  | Noticed the 27-headed Lernaean hydra
 28466 | Swamp:5  | Got a decaying rune of Zot
 28985 | Snake:1  | Entered Level 1 of the Snake Pit
 28996 | Snake:1  | Received a gift from Nemelex Xobeh
 29779 | Snake:1  | Received a gift from Nemelex Xobeh
 30456 | Snake:2  | Received a gift from Nemelex Xobeh
 30757 | Snake:3  | Shot with a bolt by a naga sharpshooter

Action                   |  1- 3 |  4- 6 |  7- 9 | 10-12 | 13-15 | 16-18 || total
-------------------------+-------+-------+-------+-------+-------+-------++-------
Melee: War axe           |   124 |    45 |       |       |       |       ||   169
       Hand axe          |       |   113 |   350 |   395 |       |       ||   858
       Unarmed           |       |       |       |     5 |       |       ||     5
       Battleaxe         |       |       |       |   215 |  1077 |   641 ||  1933
 Fire: Blowgun           |       |       |       |    12 |    19 |     8 ||    39
Throw: Throwing net      |     3 |     1 |       |       |       |       ||     4
       Tomahawk          |       |     3 |    13 |     6 |     1 |       ||    23
 Cast: Animate Skeleton  |       |       |       |    35 |    58 |     3 ||    96
       Animate Dead      |       |       |       |       |    56 |    43 ||    99
       Repel Missiles    |       |       |       |       |     3 |     3 ||     6
       Blink             |       |       |       |       |     1 |       ||     1
       Regeneration      |       |       |       |       |    25 |    65 ||    90
       Flight            |       |       |       |       |     1 |       ||     1
       Apportation       |       |       |       |       |       |    17 ||    17
Invok: Draw One          |       |       |       |    12 |     2 |       ||    14
       Triple Draw       |       |       |       |       |     6 |       ||     6
 Abil: Evoke Invisibilit |       |       |       |       |       |     1 ||     1
Evoke: Wand              |       |       |     2 |    16 |    49 |    21 ||    88
       Lamp of fire      |       |       |       |       |     2 |     1 ||     3
  Use: Potion            |     2 |       |     1 |     1 |     8 |     2 ||    14
       Scroll            |       |       |    18 |    13 |    20 |    10 ||    61
 Stab: Held in net/web   |       |     1 |       |       |       |       ||     1
       Invisible         |       |       |       |     4 |       |     2 ||     6
       Distracted        |       |       |       |     6 |     5 |     8 ||    19
       Confused          |       |       |       |       |     2 |       ||     2
  Eat: Chunk             |     2 |       |     5 |     2 |    14 |     6 ||    29
       Pizza             |       |     1 |       |     4 |     5 |     2 ||    12
       Meat ration       |       |     1 |       |       |     6 |     3 ||    10
       Beef jerky        |       |       |     1 |     5 |     2 |       ||     8
       Bread ration      |       |       |     1 |       |     2 |     3 ||     6
       Fruit             |       |       |       |     5 |       |       ||     5
       Royal jelly       |       |       |       |     1 |     1 |       ||     2

Action                   |  1- 3 |  4- 6 |  7- 9 | 10-12 | 13-15 | 16-18 || total
-------------------------+-------+-------+-------+-------+-------+-------++-------
Melee: War axe           |   124 |    45 |       |       |       |       ||   169
       Hand axe          |       |   113 |   350 |   395 |       |       ||   858
       Unarmed           |       |       |       |     5 |       |       ||     5
       Battleaxe         |       |       |       |   215 |  1077 |   641 ||  1933
 Fire: Blowgun           |       |       |       |    12 |    19 |     8 ||    39
Throw: Throwing net      |     3 |     1 |       |       |       |       ||     4
       Tomahawk          |       |     3 |    13 |     6 |     1 |       ||    23
 Cast: Animate Skeleton  |       |       |       |    35 |    58 |     3 ||    96
       Animate Dead      |       |       |       |       |    56 |    43 ||    99
       Repel Missiles    |       |       |       |       |     3 |     3 ||     6
       Blink             |       |       |       |       |     1 |       ||     1
       Regeneration      |       |       |       |       |    25 |    65 ||    90
       Flight            |       |       |       |       |     1 |       ||     1
       Apportation       |       |       |       |       |       |    17 ||    17
Invok: Draw One          |       |       |       |    12 |     2 |       ||    14
       Triple Draw       |       |       |       |       |     6 |       ||     6
 Abil: Evoke Invisibilit |       |       |       |       |       |     1 ||     1
Evoke: Wand              |       |       |     2 |    16 |    49 |    21 ||    88
       Lamp of fire      |       |       |       |       |     2 |     1 ||     3
  Use: Potion            |     2 |       |     1 |     1 |     8 |     2 ||    14
       Scroll            |       |       |    18 |    13 |    20 |    10 ||    61
 Stab: Held in net/web   |       |     1 |       |       |       |       ||     1
       Invisible         |       |       |       |     4 |       |     2 ||     6
       Distracted        |       |       |       |     6 |     5 |     8 ||    19
       Confused          |       |       |       |       |     2 |       ||     2
  Eat: Chunk             |     2 |       |     5 |     2 |    14 |     6 ||    29
       Pizza             |       |     1 |       |     4 |     5 |     2 ||    12
       Meat ration       |       |     1 |       |       |     6 |     3 ||    10
       Beef jerky        |       |       |     1 |     5 |     2 |       ||     8
       Bread ration      |       |       |     1 |       |     2 |     3 ||     6
       Fruit             |       |       |       |     5 |       |       ||     5
       Royal jelly       |       |       |       |     1 |     1 |       ||     2

Action                   |  1- 3 |  4- 6 |  7- 9 | 10-12 | 13-15 | 16-18 || total
-------------------------+-------+-------+-------+-------+-------+-------++-------
Melee: War axe           |   124 |    45 |       |       |       |       ||   169
       Hand axe          |       |   113 |   350 |   395 |       |       ||   858
       Unarmed           |       |       |       |     5 |       |       ||     5
       Battleaxe         |       |       |       |   215 |  1077 |   641 ||  1933
 Fire: Blowgun           |       |       |       |    12 |    19 |     8 ||    39
Throw: Throwing net      |     3 |     1 |       |       |       |       ||     4
       Tomahawk          |       |     3 |    13 |     6 |     1 |       ||    23
 Cast: Animate Skeleton  |       |       |       |    35 |    58 |     3 ||    96
       Animate Dead      |       |       |       |       |    56 |    43 ||    99
       Repel Missiles    |       |       |       |       |     3 |     3 ||     6
       Blink             |       |       |       |       |     1 |       ||     1
       Regeneration      |       |       |       |       |    25 |    65 ||    90
       Flight            |       |       |       |       |     1 |       ||     1
       Apportation       |       |       |       |       |       |    17 ||    17
Invok: Draw One          |       |       |       |    12 |     2 |       ||    14
       Triple Draw       |       |       |       |       |     6 |       ||     6
 Abil: Evoke Invisibilit |       |       |       |       |       |     1 ||     1
Evoke: Wand              |       |       |     2 |    16 |    49 |    21 ||    88
       Lamp of fire      |       |       |       |       |     2 |     1 ||     3
  Use: Potion            |     2 |       |     1 |     1 |     8 |     2 ||    14
       Scroll            |       |       |    18 |    13 |    20 |    10 ||    61
 Stab: Held in net/web   |       |     1 |       |       |       |       ||     1
       Invisible         |       |       |       |     4 |       |     2 ||     6
       Distracted        |       |       |       |     6 |     5 |     8 ||    19
       Confused          |       |       |       |       |     2 |       ||     2
  Eat: Chunk             |     2 |       |     5 |     2 |    14 |     6 ||    29
       Pizza             |       |     1 |       |     4 |     5 |     2 ||    12
       Meat ration       |       |     1 |       |       |     6 |     3 ||    10
       Beef jerky        |       |       |     1 |     5 |     2 |       ||     8
       Bread ration      |       |       |     1 |       |     2 |     3 ||     6
       Fruit             |       |       |       |     5 |       |       ||     5
       Royal jelly       |       |       |       |     1 |     1 |       ||     2
